 Dungeon Crawl Stone Soup version 0.18-a0-1292-ge8ad84c (webtiles) character file.

760 Duffy the Cleaver (level 7, -1/57 HPs)
             Began as a Hill Orc Abyssal Knight on Feb 10, 2016.
             Was a Priest of Lugonu.
             Slain by an iguana (9 damage)
             ... on level 5 of the Dungeon.
             The game lasted 00:07:07 (5927 turns).

Duffy the Cleaver (Hill Orc Abyssal Knight)         Turns: 5927, Time: 00:07:07

Health: -1/57      AC:  6    Str: 15    XL:     7   Next: 80%
Magic:  12/12      EV:  9    Int: 12    God:    Lugonu [***...]
Gold:   193        SH:  0    Dex: 12    Spells: 0 memorised, 6 levels left

rFire  . . .     SeeInvis .     y - +1 hand axe (flame)
rCold  . . .     Gourm    .     w - +0 scale mail
rNeg   . . .     Faith    .     (no shield)
rPois  .         Spirit   .     (no helmet)
rElec  .         Dismiss  .     (no cloak)
rCorr  .         Reflect  .     (no gloves)
SustAt .         Harm     .     (no boots)
MR     .....                    (no amulet)
Stlth  ..........               (no ring)
                                (no ring)

@: not resistant to hostile enchantments, extremely unstealthy
A: no striking features
a: Depart the Abyss, Bend Space, Banish, Renounce Religion


You were on level 5 of the Dungeon.
You worshipped Lugonu.
Lugonu was most pleased with you.
You were not hungry.

You visited 1 branch of the dungeon, and saw 5 of its levels.
You visited the Abyss 1 time.

You collected 193 gold pieces.


   Skills:
 - Level 3.6 Fighting
 + Level 8.9 Axes
 - Level 2.2 Armour
 - Level 0.7 Dodging
 + Level 7.3 Invocations


You had 6 spell levels left.
You didn't know any spells.

Inventory:

Hand Weapons
 a - a +1 hand axe
 y - a +1 hand axe of flaming (weapon)
Missiles
 x - a throwing net (quivered)
Armour
 b - a +0 leather armour
 r - a +0 ring mail
 s - a +0 chain mail
 w - a +0 scale mail (worn)
Wands
 k - a wand of disintegration (8/24)
 n - a wand of paralysis (14/24)
Scrolls
 d - 6 scrolls of remove curse
 h - 2 scrolls of recharging
 i - a scroll of blinking {unknown}
 j - 3 scrolls of identify
 l - a scroll of amnesia {unknown}
 m - 2 scrolls of teleportation {unknown}
 o - 2 scrolls of enchant armour {unknown}
 t - a scroll of magic mapping {unknown}
 v - a scroll of immolation {unknown}
Potions
 e - 5 potions of curing
 f - 3 potions of flight
Comestibles
 c - 2 bread rations
 g - a beef jerky
 p - a slice of pizza
 u - 2 fruits

Dungeon Overview and Level Annotations

Branches:
Dungeon (5/15)
 Temple: D:4-7

Altars:
Makhleb
Ru
Vehumet
The Shining One

Annotations:
D:3 Natasha
D:4 exclusion: statue


Message History

You are too injured to fight recklessly!
You are too injured to fight recklessly!
You are too injured to fight recklessly!
You are too injured to fight recklessly!
You are too injured to fight recklessly!
You are too injured to fight recklessly!
You are too injured to fight recklessly!
You are too injured to fight recklessly!
Your scale mail prevents you from hitting the iguana.
The iguana is severely wounded.
The iguana bites you!
You hit the iguana but do no damage.
The iguana is severely wounded.
The iguana closely misses you.
You hit the iguana. You burn the iguana.
The iguana is severely wounded.
The iguana closely misses you.
You hit the iguana but do no damage.
The iguana is severely wounded.
The iguana bites you.
You closely miss the iguana.
The iguana is severely wounded.
The iguana misses you.
You hit the iguana. You burn the iguana.
The iguana is almost dead.
The iguana closely misses you.
You hit the iguana but do no damage.
The iguana is almost dead.
The iguana bites you.
You barely miss the iguana.
The iguana is almost dead.
You hit the iguana but do no damage.
The iguana is almost dead.
The iguana bites you!
You die...

#....#
#.#....#
#.#....#
#.#....#
#.#.####
#.#.#
#.#.#
###.#.#
#.l@..#
#######


You could see an iguana.

Action                   |  1- 3 |  4- 6 |  7- 9 || total
-------------------------+-------+-------+-------++-------
Melee: Hand axe          |    97 |   165 |   218 ||   480
Evoke: Wand              |       |     6 |       ||     6
  Use: Scroll            |     3 |     2 |       ||     5
 Stab: Paralysed         |       |    22 |       ||    22
       Sleeping          |       |     1 |       ||     1
  Eat: Chunk             |     1 |     8 |     7 ||    16

Notes
Turn   | Place    | Note
--------------------------------------------------------------
     0 | Abyss:1  | Duffy the Hill Orc Abyssal Knight began the quest for the Orb.
     0 | Abyss:1  | Reached XP level 1. HP: 19/19 MP: 2/2
    62 | D:1      | Escaped the Abyss
    86 | D:1      | Reached skill level 3 in Axes
   104 | D:1      | Reached XP level 2. HP: 15/26 MP: 3/3
   354 | D:1      | Reached skill level 4 in Axes
   394 | D:1      | Reached ** piety under Lugonu
   524 | D:1      | Reached XP level 3. HP: 28/31 MP: 4/4
  1102 | D:2      | Found a burning altar of Makhleb.
  1116 | D:2      | Reached skill level 5 in Axes
  1116 | D:2      | Reached XP level 4. HP: 5/39 MP: 5/5
  1666 | D:2      | Reached skill level 6 in Axes
  2014 | D:2      | Found a glowing golden altar of the Shining One.
  2240 | D:2      | Found a sacrificial altar of Ru.
  2283 | D:3      | Noticed Grinder
  2299 | D:3      | Paralysed by Grinder for 6 turns
  2310 | D:3      | Killed Grinder
  2310 | D:3      | Reached skill level 6 in Invocations
  2310 | D:3      | Reached XP level 5. HP: 19/45 MP: 5/9
  2310 | D:3      | Reached XP level 6. HP: 21/51 MP: 5/10
  2773 | D:3      | Noticed Natasha
  2878 | D:3      | Noticed Ijyb
  2908 | D:3      | Killed Ijyb
  3098 | D:3      | Reached skill level 7 in Axes
  3169 | D:3      | Reached *** piety under Lugonu
  3454 | D:3      | Noticed Terence
  3466 | D:3      | Killed Terence
  3817 | D:4      | Reached XP level 7. HP: 52/57 MP: 11/11
  3963 | D:4      | Reached skill level 8 in Axes
  4882 | D:4      | Reached skill level 7 in Invocations
  5708 | D:4      | Found a radiant altar of Vehumet.
  5889 | D:5      | Entered Level 5 of the Dungeon
  5927 | D:5      | Slain by an iguana

Vault maps used:
D:1:      dpeg_arrival_rooms_with_view
D:2:      makhleb_heckhound_becter, lemuel_coloured_pillars_altar,
          nicolae_ru_the_path_less_chosen
D:3:      first_bread, uniq_terence, uniq_iyjb, uniq_natasha, uniq_grinder
D:4:      vehumet_statue
D:5:      lemuel_ice_spiral_2, nicolae_gozag_cash_rules_everything_around_me

Vanquished Creatures
  Grinder
  A phantom
  A scorpion
  A hound
  A giant frog skeleton Terence
  2 orc wizards
  3 worker ants Ijyb
  A hound skeleton
  8 adders
  2 oozes
  2 worms
  5 giant geckos
  10 orcs
  9 giant cockroaches
  6 goblins
  12 hobgoblins
  3 quokkas
  10 bats
  4 giant newts
  8 kobolds
  11 rats
103 creatures vanquished.
